 Dungeon Crawl Stone Soup version 0.20-a0-848-g73d9be0 (webtiles) character file.

300 Alarkh the Skirmisher (level 6, 26/48 HPs)
             Began as a Demonspawn Fighter on Mar 9, 2017.
             Quit the game on level 3 of the Dungeon.
             The game lasted 00:01:56 (2142 turns).

Alarkh the Skirmisher (Demonspawn Fighter)          Turns: 2142, Time: 00:01:56

Health: 26/48      AC:  8    Str: 21    XL:     6   Next: 13%
Magic:  6/6        EV:  8    Int: 12    God:
Gold:   155        SH:  9    Dex: 12    Spells: 5/5 levels left

rFire    . . .     SeeInvis .   a - +0 long sword
rCold    . . .     Gourm    .   b - +0 scale mail
rNeg     + . .     Faith    .   c - +0 shield
rPois    .         Spirit   +   (no helmet)
rElec    .         Reflect  .   (no cloak)
rCorr    .         Harm     .   i - +0 pair of gloves
MR       .....                  (no boots)
Stlth    ..........             (no amulet)
Regen    0.2/turn               (no ring)
MPRegen  0.1/turn               s - ring of positive energy

@: mighty
A: powered by pain 2, magic shield
a: no special abilities


You were on level 3 of the Dungeon.
You were not hungry.

You visited 1 branch of the dungeon, and saw 3 of its levels.

You collected 155 gold pieces.

Inventory:

Hand Weapons
 a - a +0 long sword (weapon)
Armour
 b - a +0 scale mail (worn)
 c - a +0 shield (worn)
 i - a +0 pair of gloves (worn)
Jewellery
 s - a ring of positive energy (left hand)
Scrolls
 e - a scroll of teleportation {unknown}
 j - 2 scrolls of blinking {unknown}
 k - 4 scrolls of identify {unknown}
 l - a scroll of recharging {unknown}
 n - a scroll of magic mapping {unknown}
Potions
 d - a potion of might
 g - a potion of haste {unknown}
 m - a potion of curing
 o - a potion of mutation {unknown}
 p - a potion of magic {unknown}
 t - a potion of brilliance {unknown}
Comestibles
 f - a bread ration
 h - 3 fruits
 q - 2 royal jellies
 r - 7 chunks of flesh


   Skills:
 + Level 3.9 Fighting
 * Level 3.4 Long Blades
 + Level 3.6 Armour
 + Level 2.2 Dodging
 + Level 3.3 Shields


You had 5 spell levels left.
You didn't know any spells.

Dungeon Overview and Level Annotations

Branches:
Dungeon (3/15)

Altars:
Nemelex Xobeh
Sif Muna

Annotations:
D:3 exclusion: orc wizard


Innate Abilities, Weirdness & Mutations

You sometimes gain power by taking damage.
When hurt, damage is shared between your health and your magic reserves.


Message History

You block the hippogriff's attack.
The hippogriff pecks you but does no damage.
The hippogriff claws you.
Some of the chunks of flesh in your inventory have rotted away.
You slash the hippogriff!
You kill the hippogriff!
Your Long Blades skill increases to level 3!
Your Dodging skill increases to level 2!
You have reached level 5!
Your demonic ancestry asserts itself...
You feel your magical essence form a protective shroud around your flesh.
You have reached level 6!
Your experience leads to an increase in your attributes!
Your base attributes are Str 16, Int 11, Dex 12.
Increase (S)trength, (I)ntelligence, or (D)exterity?
You feel clever.
You slash the hobgoblin!
You kill the hobgoblin!
No target in view!
Are you sure you want to abandon this character and quit the game? (Confirm with "yes".)

..<............# ##÷##....
..........###..# #..###...
......##.## ##.#####.##
##.. ...... #.## #.......##
##. #.#..###.# ##...#...##
#. ...l....##
##...(###.####. ##..####.##
##.....# #...... .....#
#..###....#.###.###.. #
#.###..†@..>.......## #..
#. #......####.#####.## #..
#.###........##.# ##.# #..
#.....####÷#.##.# #..# #..
###..## #.#.##.####..# #..
#..#####.........#..#####..
#.............##...........
#.########.#..####..#####.#
#.# #.#..####..#####.#


There were no monsters in sight!

Vanquished Creatures
  A hippogriff (D:3)
  An orc wizard (D:3)
  3 adders
  An adder skeleton (D:3)
  3 dart slugs
  2 worms (D:2)
  An orc (D:3)
  6 giant cockroaches
  10 goblins
  7 hobgoblins
  6 bats
  4 frilled lizards
  9 kobolds
  7 rats
61 creatures vanquished.

Notes
Turn   | Place    | Note
-------+----------+-------------------------------------------
     0 | D:1      | Alarkh the Demonspawn Fighter began the quest for the Orb.
     0 | D:1      | Reached XP level 1. HP: 18/18 MP: 1/1
   251 | D:1      | Gained mutation: You sometimes gain a little power by taking damage. [demonic ancestry]
   251 | D:1      | Reached XP level 2. HP: 19/24 MP: 2/2
   496 | D:1      | Reached skill level 1 in Dodging
   996 | D:2      | Reached XP level 3. HP: 29/29 MP: 3/3
  1487 | D:2      | Gained mutation: You sometimes gain power by taking damage. [demonic ancestry]
  1487 | D:2      | Reached XP level 4. HP: 35/35 MP: 4/4
  1619 | D:3      | Found a deep blue altar of Sif Muna.
  2001 | D:3      | Found a sparkling altar of Nemelex Xobeh.
  2123 | D:3      | Noticed a hippogriff
  2140 | D:3      | Killed a hippogriff
  2140 | D:3      | Gained mutation: When hurt, damage is shared between your health and your magic reserves. [demonic ancestry]
  2140 | D:3      | Reached XP level 5. HP: 22/42 MP: 5/5
  2140 | D:3      | Reached XP level 6. HP: 26/48 MP: 6/6
  2142 | D:3      | Quit the game

Vault maps used:
D:1:      lightli_arrival_lavapool
D:3:      led_sif_book, lemuel_round_altar

Skill      XL: |  1  2  3  4 |
---------------+-------------+-----
Long Blades    | 2 3 |  3.4
Dodging        | 1 2 |  2.2
Armour         | 3 |  3.6
Shields        | 3 |  3.3
Fighting       | |  3.9

Action                   |  1- 3 |  4- 6 || total
-------------------------+-------+-------++-------
Melee: Long sword        |   100 |    46 ||   146
  Use: Potion            |     1 |     1 ||     2
  Eat: Chunk             |     2 |     2 ||     4
Armor: Scale mail        |    50 |    29 ||    79
Dodge: Dodged            |    46 |    13 ||    59
Block: Shield            |    51 |    19 ||    70
       Rpst.: Long sword |    18 |     1 ||    19
